[Event "ICC tourney 2580 (30 10)"]
[Site "Internet Chess Club"]
[Date "2021.05.22"]
[Round "4"]
[White "ADUSUMALLI, ANIRUDH SAI:Anichess2009"]
[Black "TRAN, NGUYEN NAM:nguyencaptures"]
[Result "0-1"]
[ICCResult "White resigns"]
[WhiteElo "886"]
[BlackElo "1021"]
[Opening "Ruy Lopez: exchange variation"]
[ECO "C68"]
[NIC "RL.08"]
[Time "17:01:06"]
[PlyCount "162"]
[TimeControl "1800+10"]

1. e4 e5 2. Nf3 Nc6 3. Bb5 a6 4. Bxc6 dxc6 5. Nxe5 Qd4 6. Nf3 Qxe4+ 7. Qe2
Qxe2+ 8. Kxe2 Nf6 9. Re1 Bd6 10. Kf1+ Be6 11. h3 O-O 12. Ng5 Rfe8 13. Nxe6
fxe6 14. Nc3 b5 15. d3 Nd5 16. Bd2 b4 17. Nxd5 cxd5 18. Re2 c5 19. Rae1 Kf7
20. c3 bxc3 21. Bxc3 d4 22. Bd2 Rab8 23. b3 e5 24. g4 g6 25. Re4 h5 26.
gxh5 gxh5 27. Rh4 Kg6 28. Ke2 Rh8 29. Rg1+ Kf7 30. Rg5 Be7 31. Rf5+ Bf6 32.
Rhxh5 Rxh5 33. Rxh5 Rg8 34. Rf5 Kg6 35. Rf3 Re8 36. Rg3+ Kh5 37. b4 cxb4
38. Bxb4 Rb8 39. a3 Re8 40. Rf3 Bh8 41. Rf7 Kg6 42. Rf8 Rxf8 43. Bxf8 Kf5
44. Bd6 e4 45. f4 e3 46. a4 Ke6 47. Bc7 Bf6 48. a5 Kd5 49. Ke1 Bh4+ 50. Ke2
Bf6 51. Kf3 Bh4 52. f5 Bg5 53. Bg3 Bf6 54. h4 Be5 55. Be1 Bg7 56. h5 Ke5
57. Kg4 Bh6 58. Bg3+ Kd5 59. f6 Ke6 60. Kf3 Kxf6 61. Ke4 Kg5 62. Kxd4 Kxh5
63. Ke4 e2 64. Be1 Kg4 65. d4 Bg5 66. d5 Bd8 67. Ke3 Kf5 68. Kd4 Kf4 69.
Kd3 Kf3 70. d6 Bf6 71. d7 Bd8 72. Kc4 Kg2 73. Kd3 Kf1 74. Bd2 e1=N+ 75. Kd4
Nc2+ 76. Kd5 Ke2 77. Bc3 Kd3 78. Kc6 Kxc3 79. Kb7 Nb4 80. Kc8 Bxa5 81. Kb7
Bd8 { White resigns } 0-1

[Event "ICC tourney 2580 (30 10)"]
[Site "Internet Chess Club"]
[Date "2021.05.23"]
[Round "5"]
[White "BANERJEE, ISHAAN:ishban"]
[Black "STIEGLITZ, RHYS BENJAMIN:RhysieB"]
[Result "1-0"]
[ICCResult "Black resigns"]
[WhiteElo "945"]
[BlackElo "1000"]
[Opening "English opening"]
[ECO "A22"]
[NIC "EO.09"]
[Time "11:02:04"]
[PlyCount "39"]
[TimeControl "1800+10"]

1. c4 e5 2. Nc3 Nf6 3. Nf3 Bc5 4. g3 c6 5. Bg2 d5 6. cxd5 cxd5 7. Nxe5 O-O
8. O-O Bd4 9. Nf3 Bxc3 10. bxc3 Bf5 11. Qb3 Qd7 12. Bb2 Bh3 13. Bxh3 Qxh3
14. Qxb7 Nbd7 15. Rab1 Rfb8 16. Qc7 Rc8 17. Qf4 Re8 18. Ng5 Ne5 19. Nxh3
Nh5 20. Qa4 { Black resigns } 1-0

[Event "ICC tourney 2580 (30 10)"]
[Site "Internet Chess Club"]
[Date "2021.05.23"]
[Round "5"]
[White "SINTON, LUC:LucSinton"]
[Black "DASARI, ADIT RAJ:AlectroGamerAD"]
[Result "1-0"]
[ICCResult "Black checkmated"]
[WhiteElo "674"]
[BlackElo "920"]
[Opening "Four knights: Spanish variation"]
[ECO "C48"]
[NIC "KP.03"]
[Time "11:02:55"]
[PlyCount "43"]
[TimeControl "1800+10"]

1. e4 e5 2. Nf3 Nc6 3. Nc3 Nf6 4. Bb5 Bd6 5. Bxc6 dxc6 6. d3 h6 7. O-O O-O
8. h3 b6 9. Be3 Re8 10. Re1 Bb4 11. Bd2 Bxc3 12. Bxc3 Nd7 13. Qc1 f6 14. d4
exd4 15. Bxd4 c5 16. Bc3 Bb7 17. Qf4 g5 18. Qf5 Rf8 19. Qg6+ Kh8 20. Qxh6+
Kg8 21. Nxg5 fxg5 22. Qg7# { Black checkmated } 1-0

[Event "ICC tourney 2580 (30 10)"]
[Site "Internet Chess Club"]
[Date "2021.05.23"]
[Round "5"]
[White "BHOSALE, ARNAV:avbhosale"]
[Black "GOUW, KEVIAN:grandmasted"]
[Result "1-0"]
[ICCResult "Black checkmated"]
[WhiteElo "752"]
[BlackElo "803"]
[Opening "Scotch opening"]
[ECO "C44"]
[NIC "KP.10"]
[Time "11:02:55"]
[PlyCount "131"]
[TimeControl "1800+10"]

1. e4 e5 2. Nf3 Nc6 3. d4 Qe7 4. Nc3 Nf6 5. d5 Nb8 6. Bg5 h6 7. Bxf6 Qxf6
8. Bd3 c6 9. O-O cxd5 10. Nxd5 Qd8 11. Nxe5 d6 12. Bb5+ Bd7 13. Bxd7+ Nxd7
14. Nxd7 Qxd7 15. Re1 Be7 16. e5 O-O 17. Nxe7+ Qxe7 18. exd6 Qf6 19. Rb1
Rfe8 20. Rxe8+ Rxe8 21. d7 Rd8 22. Qe1 Qc6 23. Rd1 Kf8 24. Qb4+ Kg8 25. Qe7
Qc7 26. c3 b6 27. Qd6 Qxd6 28. Rxd6 Kf8 29. Rd1 Ke7 30. f4 Rxd7 31. Rxd7+
Kxd7 32. Kf2 Ke6 33. Ke3 Kd5 34. b3 a5 35. g4 Ke6 36. h4 f6 37. Kd4 Kd6 38.
g5 hxg5 39. fxg5 fxg5 40. hxg5 g6 41. a4 Ke6 42. Ke4 Kd6 43. b4 Ke6 44.
bxa5 bxa5 45. c4 Kd6 46. Kd4 Kc6 47. Ke5 Kc5 48. Kf6 Kxc4 49. Kxg6 Kb4 50.
Kf7 Kxa4 51. g6 Kb5 52. g7 a4 53. g8=Q a3 54. Qe8+ Kb4 55. Qe4+ Kb3 56.
Qd3+ Kb4 57. Qb1+ Ka4 58. Qa2 Kb4 59. Ke6 Ka4 60. Kd5 Kb4 61. Kd4 Ka4 62.
Kc4 Ka5 63. Qb3 Ka6 64. Kc5 Ka7 65. Kc6 Ka8 66. Qb7# { Black checkmated }
1-0

[Event "ICC tourney 2580 (30 10)"]
[Site "Internet Chess Club"]
[Date "2021.05.23"]
[Round "5"]
[White "GUAN, MARIE:marieplaychess"]
[Black "BUTENKO, ZLATA:butik666"]
[Result "0-1"]
[ICCResult "White checkmated"]
[WhiteElo "951"]
[BlackElo "1051"]
[Opening "Scotch: Potter variation"]
[ECO "C45"]
[NIC "SO.05"]
[Time "11:02:07"]
[PlyCount "120"]
[TimeControl "1800+10"]

1. e4 e5 2. Nf3 Nc6 3. d4 exd4 4. Nxd4 Bc5 5. Nb3 Bb6 6. Nc3 Nge7 7. Qe2
O-O 8. Be3 Ng6 9. O-O-O Bxe3+ 10. Qxe3 a5 11. a4 Nce5 12. f4 Nc6 13. Bb5
Qe7 14. f5 Nge5 15. h3 Nb4 16. g4 Nec6 17. Nd5 Qe5 18. Bxc6 bxc6 19. Qf4
Qxf4+ 20. Nxf4 d6 21. h4 Re8 22. Rde1 Bb7 23. c3 Na6 24. h5 Nb8 25. g5 c5
26. Nd2 Re5 27. g6 h6 28. gxf7+ Kxf7 29. Rhg1 Re7 30. Nd5 Bxd5 31. exd5
Rxe1+ 32. Rxe1 Nd7 33. Nc4 Nb6 34. Nxb6 cxb6 35. Re7+ Kxe7 36. Kd2 Rf8 37.
Kd3 Rxf5 38. Kc4 Rxh5 39. Kb5 Rxd5 40. Kxb6 g5 41. Kxa5 c4+ 42. Kb4 g4 43.
Kxc4 Ra5 44. Kb4 Ra8 45. a5 g3 46. Ka4 g2 47. b4 g1=Q 48. Kb5 Qg5+ 49. Kb6
d5 50. a6 Qg8 51. a7 Qd8+ 52. Kb7 Qc8+ 53. Kb6 Qxc3 54. Kb7 Rxa7+ 55. Kxa7
Qxb4 56. Ka6 d4 57. Ka7 d3 58. Ka6 d2 59. Ka7 d1=Q 60. Ka6 Qa1# { White
checkmated } 0-1

[Event "ICC tourney 2580 (30 10)"]
[Site "Internet Chess Club"]
[Date "2021.05.23"]
[Round "5"]
[White "Koza, Shawn:shawnkz"]
[Black "Sajja, Sampath:sampathsajja"]
[Result "0-1"]
[ICCResult "White checkmated"]
[WhiteElo "809"]
[BlackElo "761"]
[Opening "King's pawn game"]
[ECO "C50"]
[NIC "IG.03"]
[Time "11:02:02"]
[PlyCount "136"]
[TimeControl "1800+10"]

1. e4 e5 2. Nf3 Nc6 3. Bc4 h6 4. O-O Nf6 5. d3 Be7 6. Nc3 O-O 7. d4 d6 8.
dxe5 dxe5 9. Be3 Bg4 10. h3 Bh5 11. Be2 Qc8 12. Nd2 Bg6 13. Rb1 Nh7 14. f3
f5 15. Qc1 Ng5 16. Bxg5 Bxg5 17. Qe1 Qd7 18. Bd3 Nd4 19. Rc1 Nxc2 20. Rxc2
Qxd3 21. Qd1 Rad8 22. Rf2 Be3 23. Nd5 fxe4 24. Nb4 Bxf2+ 25. Kxf2 Qd4+ 26.
Ke2 exf3+ 27. gxf3 Bd3+ 28. Nxd3 Qxd3+ 29. Ke1 Qe3+ 30. Qe2 Qg1+ 31. Qf1
Qd4 32. Qc4+ Rd5 33. Qxd4 exd4 34. Rxc7 Rb5 35. b3 Re5+ 36. Kd1 Rb5 37. a4
Rb4 38. Kc2 Rd8 39. h4 Kh7 40. Rc5 d3+ 41. Kc3 Rxh4 42. Rc7 Rh5 43. Rxb7
Rc5+ 44. Kb4 Rc2 45. Ne4 d2 46. Nxd2 Rcxd2 47. Rxa7 h5 48. Ra5 h4 49. Rh5+
Kg6 50. Rxh4 R2d4+ 51. Rxd4 Rxd4+ 52. Kc5 Rd3 53. b4 Rxf3 54. b5 Rf5+ 55.
Kb6 Rf6+ 56. Ka5 Kh6 57. b6 g5 58. b7 Rf8 59. Kb6 g4 60. a5 g3 61. a6 g2
62. a7 g1=Q+ 63. Ka6 Rf6+ 64. Ka5 Qg5+ 65. Kb4 Rf4+ 66. Kc3 Qg3+ 67. Kd2
Rf2+ 68. Ke1 Qg1# { White checkmated } 0-1

[Event "ICC tourney 2580 (30 10)"]
[Site "Internet Chess Club"]
[Date "2021.05.23"]
[Round "5"]
[White "Bi, Lige:Bilige1103"]
[Black "VILLEGAS, HOWARD ANDREI:HowardAV5223"]
[Result "0-1"]
[ICCResult "White checkmated"]
[WhiteElo "829"]
[BlackElo "922"]
[Opening "QGD Slav: 3.Nf3"]
[ECO "D11"]
[NIC "SL.01"]
[Time "11:01:58"]
[PlyCount "126"]
[TimeControl "1800+10"]

1. d4 d5 2. c4 c6 3. Nf3 Nf6 4. Bg5 e6 5. e3 dxc4 6. Bxc4 b5 7. Bd3 Bb7 8.
O-O Be7 9. Nc3 O-O 10. a4 a6 11. axb5 axb5 12. Qc2 h6 13. Bf4 Bd6 14. Ne5
Qc7 15. Rxa8 Bxa8 16. Ra1 Nbd7 17. Nxd7 Qxd7 18. Bg3 Nh5 19. Bxd6 Qxd6 20.
Ra6 Qe7 21. Be4 b4 22. Ne2 Bb7 23. Ra7 Ra8 24. Rxa8+ Bxa8 25. Bxc6 Qc7 26.
Ba4 Qb7 27. f3 Nf6 28. Nf4 g5 29. Nd3 Nd5 30. e4 Nf4 31. Nxf4 gxf4 32. b3
Qa7 33. Qc5 Qxc5 34. dxc5 Kf8 35. c6 Ke7 36. e5 Kd8 37. Kf2 Kc7 38. g3
fxg3+ 39. hxg3 Bxc6 40. Bxc6 Kxc6 41. Ke3 Kd5 42. f4 Kc5 43. g4 Kc6 44. Ke4
Kc5 45. Ke3 Kc6 46. Ke4 Kc5 47. f5 Kc6 48. f6 Kc5 49. Ke3 Kd5 50. Kd3 Kxe5
51. Kc4 Kf4 52. Kxb4 e5 53. Kc4 e4 54. Kd5 e3 55. Kd6 e2 56. Ke7 e1=Q+ 57.
Kxf7 Qb4 58. Kg7 Kg5 59. f7 Qd4+ 60. Kg8 Qd5 61. b4 Kg6 62. g5 Qxf7+ 63.
Kh8 Qg7# { White checkmated } 0-1

[Event "ICC tourney 2580 (30 10)"]
[Site "Internet Chess Club"]
[Date "2021.05.23"]
[Round "5"]
[White "NGUYEN, THANH VIET:thanhcaptures"]
[Black "ZENG, CALEB:calebzeng"]
[Result "1-0"]
[ICCResult "Black resigns"]
[WhiteElo "1187"]
[BlackElo "957"]
[Opening "Scotch gambit: Benima defense"]
[ECO "C50"]
[NIC "IG.03"]
[Time "11:01:59"]
[PlyCount "137"]
[TimeControl "1800+10"]

1. e4 e5 2. Nf3 Nc6 3. Bc4 Be7 4. d4 exd4 5. Nxd4 d6 6. O-O Nf6 7. Nc3 O-O
8. Nxc6 bxc6 9. Bf4 Be6 10. Qe2 d5 11. Bb3 Qd7 12. exd5 cxd5 13. Nb5 Bd6
14. Nxd6 cxd6 15. Qa6 Rfd8 16. Ba4 Qc7 17. Bd2 Qb6 18. Qxb6 axb6 19. Bb3
Ne4 20. Be3 Rab8 21. Rad1 Rdc8 22. Bxd5 Bxd5 23. Rxd5 Rxc2 24. Rb5 Rc6 25.
f3 Nc5 26. b4 Na6 27. a4 Nc7 28. Rg5 Ne6 29. Rg4 b5 30. a5 h6 31. Ra1 Ra6
32. f4 f5 33. Rg3 Rc8 34. Rf3 Rc4 35. Rb1 Nd4 36. Bxd4 Rxd4 37. g3 d5 38.
Rc3 Rc4 39. Rd3 d4 40. Rbb3 Kf7 41. Kf1 Ke6 42. Ke2 Kd5 43. Kf3 Rac6 44.
Ra3 Rc3 45. a6 Rxa3 46. Rxa3 Rc8 47. a7 Ra8 48. Ke2 Kc4 49. Kd2 Kxb4 50.
Ra1 Kc4 51. Rc1+ Kd5 52. Rc7 g5 53. fxg5 hxg5 54. h4 Kd6 55. Rf7 Ke6 56.
Rb7 gxh4 57. gxh4 f4 58. Ke2 b4 59. h5 b3 60. Kd2 f3 61. h6 b2 62. h7 Kf6
63. Rb8 b1=Q 64. h8=Q+ Kf5 65. Qh7+ Kf4 66. Qxb1 Rxa7 67. Rf8+ Kg3 68. Qg1+
Kh4 69. Rh8+ { Black resigns } 1-0

[Event "ICC tourney 2580 (30 10)"]
[Site "Internet Chess Club"]
[Date "2021.05.23"]
[Round "5"]
[White "TRAN, NGUYEN NAM:nguyencaptures"]
[Black "SPANTZEL, ARNOLD:ThorGodOfBlitz"]
[Result "0-1"]
[ICCResult "White checkmated"]
[WhiteElo "1021"]
[BlackElo "1082"]
[Opening "Giuoco Piano: Aitken variation"]
[ECO "C54"]
[NIC "IG.02"]
[Time "11:02:02"]
[PlyCount "52"]
[TimeControl "1800+10"]

1. e4 e5 2. Nf3 Nc6 3. Bc4 Bc5 4. c3 Nf6 5. d4 exd4 6. cxd4 Bb4+ 7. Nc3
Nxe4 8. O-O Nxc3 9. bxc3 Bxc3 10. Ba3 d5 11. Bb5 Bxa1 12. Qxa1 a6 13. Ba4
b5 14. Bb3 Be6 15. Bc5 Qd7 16. Re1 O-O-O 17. Qc3 Bg4 18. Ne5 Nxe5 19. Rxe5
Rhe8 20. Rxd5 Qc6 21. Rg5 Be6 22. Rxg7 Bxb3 23. axb3 Qe6 24. Kf1 Qe2+ 25.
Kg1 Qe1+ 26. Qxe1 Rxe1# { White checkmated } 0-1

[Event "ICC tourney 2580 (30 10)"]
[Site "Internet Chess Club"]
[Date "2021.05.23"]
[Round "5"]
[White "Cheng, Samuel:Samuel1001"]
[Black "Park, Lucas:chesspen20"]
[Result "1-0"]
[ICCResult "Black checkmated"]
[WhiteElo "942"]
[BlackElo "1034"]
[Opening "Caro-Kann: exchange variation"]
[ECO "B13"]
[NIC "CK.02"]
[Time "11:02:55"]
[PlyCount "147"]
[TimeControl "1800+10"]

1. e4 c6 2. d4 d5 3. exd5 cxd5 4. Bd3 Nc6 5. c3 Nf6 6. Nf3 Bg4 7. Bf4 e6 8.
Qb3 Qb6 9. Qxb6 axb6 10. Nbd2 Be7 11. Bc7 Bd8 12. Bxd8 Rxd8 13. O-O O-O 14.
Rfe1 Ne7 15. h4 Ng6 16. Re3 Bxf3 17. Nxf3 Nf4 18. Bc2 Rfe8 19. Rd1 Rd7 20.
Ba4 Rde7 21. Bxe8 Rxe8 22. Kf1 h6 23. Ree1 Nh7 24. g3 Ng6 25. Ke2 e5 26.
dxe5 Nxe5 27. Nxe5 Rxe5+ 28. Kd3 Rxe1 29. Rxe1 Kf8 30. Kd4 Nf6 31. c4 dxc4
32. Kxc4 Nd7 33. Kb5 f6 34. a4 Kf7 35. a5 bxa5 36. Kxa5 Nc5 37. Kb6 Nd3 38.
Re2 Nc1 39. Rc2 Nd3 40. Kxb7 Nb4 41. Rc7+ Kg6 42. Rc4 Nd3 43. Rc2 Nb4 44.
Rd2 Na2 45. Kc6 Nc1 46. b4 Nb3 47. Rd3 Nc1 48. Rc3 Ne2 49. Re3 Nd4+ 50. Kc5
Nc2 51. Rc3 Nxb4 52. Kxb4 Kh7 53. Kc5 Kg6 54. Kd5 Kf5 55. Rf3+ Kg4 56. Rf4+
Kh5 57. Ke6 Kg6 58. g4 h5 59. gxh5+ Kxh5 60. Kf7 Kh6 61. Rg4 g5 62. Kxf6
Kh5 63. Rxg5+ Kxh4 64. Kg6 Kh3 65. f4 Kh2 66. f5 Kh3 67. f6 Kh4 68. Rh5+
Kg4 69. f7 Kf4 70. f8=Q+ Kg4 71. Qf5+ Kg3 72. Rh3+ Kg2 73. Qf3+ Kg1 74.
Rh1# { Black checkmated } 1-0

[Event "ICC tourney 2580 (30 10)"]
[Site "Internet Chess Club"]
[Date "2021.05.23"]
[Round "5"]
[White "Zhang, Oscar Yihang:oscaryhz"]
[Black "ADUSUMALLI, ANIRUDH SAI:Anichess2009"]
[Result "1/2-1/2"]
[ICCResult "Black stalemated"]
[WhiteElo "1036"]
[BlackElo "886"]
[Opening "Queen's pawn: Charlick (Englund) gambit"]
[ECO "A40"]
[NIC "QO.17"]
[Time "11:02:53"]
[PlyCount "155"]
[TimeControl "1800+10"]

1. d4 e5 2. dxe5 Qe7 3. Nf3 Nc6 4. Bd2 Nxe5 5. Nxe5 Qxe5 6. Bc3 Qc5 7. Qd4
Nf6 8. Qe5+ Be7 9. Qxc5 Bxc5 10. Nd2 d6 11. e3 Be6 12. Be2 O-O-O 13. Bf3
Rhg8 14. Ne4 Nxe4 15. Bxe4 f5 16. Bf3 g6 17. a4 a6 18. b4 Ba7 19. b5 Bc4
20. bxa6 Bxa6 21. Bd5 Rge8 22. Kd2 c6 23. Ba2 d5 24. Bd4 Bxd4 25. exd4 Re2+
26. Kd1 Rxf2 27. g3 Re8 28. h3 Be2+ 29. Kc1 Rf1+ 30. Rxf1 Bxf1 31. h4 Re1+
32. Kb2 Rxa1 33. Kxa1 Kc7 34. Kb2 Kb6 35. c3 Ka5 36. Ka3 Bc4 37. Bb1 b5 38.
Bc2 h5 39. Bd1 bxa4 40. Bxa4 Bb5 41. Bc2 Kb6 42. Kb4 Kc7 43. Kc5 Kd7 44.
Kb6 Ke6 45. Kc7 Ke7 46. Kc8 Kd6 47. Kb7 c5 48. Kb6 cxd4 49. Kxb5 dxc3 50.
Kb4 d4 51. Kc4 Ke5 52. Kc5 Kf6 53. Kxd4 g5 54. Kd5 gxh4 55. gxh4 Kf7 56.
Ke5 Kg6 57. Bxf5+ Kf7 58. Bc2 Kg7 59. Kf5 Kh6 60. Kf4 Kg7 61. Kg5 Kg8 62.
Kxh5 Kg7 63. Kg5 Kg8 64. Bb3+ Kg7 65. h5 Kh7 66. Bf7 Kg7 67. Bg6 Kh8 68.
Kf6 Kg8 69. h6 Kh8 70. Ke7 Kg8 71. Kf6 Kh8 72. Bc2 Kg8 73. Bb3+ Kh8 74. Bc2
Kg8 75. Ke7 Kh8 76. h7 Kg7 77. Ke6 Kh8 78. Kf7 { Black stalemated } 1/2-1/2

[Event "ICC tourney 2580 (30 10)"]
[Site "Internet Chess Club"]
[Date "2021.05.23"]
[Round "6"]
[White "AGGARWAL, AYAAN:ayaanagg"]
[Black "Koza, Shawn:shawnkz"]
[Result "1-0"]
[ICCResult "Black checkmated"]
[WhiteElo "869"]
[BlackElo "809"]
[Opening "Four knights: Scotch, 4...exd4"]
[ECO "C47"]
[NIC "KP.06"]
[Time "13:00:44"]
[PlyCount "27"]
[TimeControl "1800+10"]

1. e4 e5 2. Nf3 Nc6 3. Nc3 Nf6 4. d4 exd4 5. Nxd4 Nxd4 6. Qxd4 Be7 7. e5
Ng8 8. Bc4 f6 9. Qd5 Nh6 10. Bxh6 Rf8 11. Bxg7 c6 12. Qf3 b5 13. Qh5+ Rf7
14. Qxf7# { Black checkmated } 1-0

[Event "ICC tourney 2580 (30 10)"]
[Site "Internet Chess Club"]
[Date "2021.05.23"]
[Round "6"]
[White "DASARI, ADIT RAJ:AlectroGamerAD"]
[Black "GOUW, KEVIAN:grandmasted"]
[Result "0-1"]
[ICCResult "White checkmated"]
[WhiteElo "920"]
[BlackElo "803"]
[Opening "King's pawn game"]
[ECO "C50"]
[NIC "IG.03"]
[Time "13:01:14"]
[PlyCount "72"]
[TimeControl "1800+10"]

1. e4 e5 2. Nf3 Nc6 3. Bc4 h6 4. O-O Nf6 5. Nc3 Nxe4 6. Nxe4 d5 7. Bxd5
Qxd5 8. Nc3 Qd8 9. d3 Bc5 10. Be3 Bb6 11. h3 Bf5 12. g4 Be6 13. a3 O-O 14.
Bxb6 axb6 15. Re1 Qd6 16. Nb5 Qd7 17. Nxe5 Nxe5 18. Rxe5 Ra5 19. a4 c6 20.
b4 Raa8 21. Nd4 Qxd4 22. Re4 Qd6 23. f4 Bd5 24. Rd4 c5 25. bxc5 bxc5 26.
Rxd5 Qxd5 27. c4 Qd4+ 28. Kg2 Qxf4 29. Kg1 Qg3+ 30. Kf1 Rfe8 31. Qe1 Rxe1+
32. Rxe1 Qf3+ 33. Kg1 Rd8 34. Rf1 Qg3+ 35. Kh1 Rxd3 36. Rg1 Qxh3# { White
checkmated } 0-1

[Event "ICC tourney 2580 (30 10)"]
[Site "Internet Chess Club"]
[Date "2021.05.23"]
[Round "6"]
[White "STIEGLITZ, RHYS BENJAMIN:RhysieB"]
[Black "ADUSUMALLI, ANIRUDH SAI:Anichess2009"]
[Result "0-1"]
[ICCResult "White resigns"]
[WhiteElo "1000"]
[BlackElo "886"]
[Opening "Petrov's defense"]
[ECO "C42"]
[NIC "RG.03"]
[Time "13:00:38"]
[PlyCount "104"]
[TimeControl "1800+10"]

1. e4 e5 2. Nf3 Nf6 3. Nxe5 Qe7 4. d4 d6 5. Nf3 Nxe4 6. Qe2 Nc6 7. Nbd2
Nxd2 8. Qxe7+ Bxe7 9. Bxd2 O-O 10. O-O-O Re8 11. Bd3 Bg4 12. Rdg1 Bf6 13.
c3 Re7 14. h3 Bh5 15. g4 Bg6 16. Bc2 Bxc2 17. Kxc2 Re2 18. g5 Be7 19. Rg2
Re8 20. Kd3 Bd8 21. h4 f6 22. gxf6 Bxf6 23. Bg5 R2e6 24. h5 Bxg5 25. Rxg5
h6 26. Rg3 Re2 27. Rhg1 R2e7 28. Nh4 Rf7 29. f3 g5 30. Ng6 Ne7 31. f4 Nxg6
32. hxg6 Rxf4 33. Rh3 Kg7 34. Rgh1 Rh8 35. Re1 Kxg6 36. Re7 Rf7 37. Re6+
Kg7 38. Rhe3 Rhf8 39. Re7 Rxe7 40. Rxe7+ Rf7 41. Re8 h5 42. Ra8 a6 43. Rb8
c5 44. dxc5 dxc5 45. Re8 g4 46. Re4 g3 47. Re2 h4 48. Ke3 Rf2 49. Re1 h3
50. Rg1 Rg2 51. Rh1 h2 52. Kf3 Rg1 { White resigns } 0-1

[Event "ICC tourney 2580 (30 10)"]
[Site "Internet Chess Club"]
[Date "2021.05.23"]
[Round "6"]
[White "Sajja, Sampath:sampathsajja"]
[Black "SINTON, LUC:LucSinton"]
[Result "0-1"]
[ICCResult "White checkmated"]
[WhiteElo "761"]
[BlackElo "674"]
[Opening "Ponziani: Jaenisch counter-attack"]
[ECO "C44"]
[NIC "KP.05"]
[Time "13:00:38"]
[PlyCount "90"]
[TimeControl "1800+10"]

1. e4 e5 2. Nf3 Nc6 3. c3 Nf6 4. d4 exd4 5. e5 Ng4 6. cxd4 Bb4+ 7. Nc3 O-O
8. Bd2 d6 9. h3 Nh6 10. Qc1 Bxc3 11. bxc3 dxe5 12. dxe5 Re8 13. Bxh6 gxh6
14. Qxh6 Nxe5 15. Nxe5 Rxe5+ 16. Be2 Qe8 17. O-O Rxe2 18. Qg5+ Kh8 19. Qf6+
Kg8 20. Qg5+ Kf8 21. Qh6+ Ke7 22. Qh4+ f6 23. Qxh7+ Qf7 24. Qd3 Re6 25.
Rae1 Bd7 26. c4 Rxe1 27. Rxe1+ Kf8 28. Qa3+ Kg8 29. Qg3+ Qg7 30. Qxc7 Re8
31. Rxe8+ Bxe8 32. Qxg7+ Kxg7 33. g3 Bf7 34. c5 Bxa2 35. h4 b5 36. c6 b4
37. c7 Be6 38. Kf1 b3 39. f4 b2 40. Kf2 b1=Q 41. g4 Bxg4 42. h5 Qc2+ 43.
Kg3 Bxh5 44. c8=Q Qxc8 45. Kh4 Qg4# { White checkmated } 0-1

[Event "ICC tourney 2580 (30 10)"]
[Site "Internet Chess Club"]
[Date "2021.05.23"]
[Round "6"]
[White "ZENG, CALEB:calebzeng"]
[Black "Zhang, Oscar Yihang:oscaryhz"]
[Result "0-1"]
[ICCResult "White checkmated"]
[WhiteElo "957"]
[BlackElo "1036"]
[Opening "Ruy Lopez: exchange, Keres variation"]
[ECO "C68"]
[NIC "RL.08"]
[Time "13:00:34"]
[PlyCount "124"]
[TimeControl "1800+10"]

1. e4 e5 2. Nf3 Nc6 3. Bb5 a6 4. Bxc6 dxc6 5. Nc3 Bc5 6. d3 Bg4 7. h3 Bh5
8. Be3 Bb4 9. a3 Be7 10. Qd2 Bd6 11. d4 Bxf3 12. gxf3 Nf6 13. Rd1 Qe7 14.
dxe5 Bxe5 15. Bf4 Bxc3 16. Qxc3 Rg8 17. Qe5 Rc8 18. Qxe7+ Kxe7 19. Ke2 Nh5
20. Bg5+ Nf6 21. Bxf6+ Kxf6 22. Rhg1 Rgd8 23. Rxd8 Rxd8 24. Rd1 Rxd1 25.
Kxd1 Ke5 26. Ke2 Kf4 27. c4 c5 28. b4 b6 29. b5 a5 30. h4 h5 31. a4 f6 32.
Kd3 Kxf3 33. e5 fxe5 34. Kd2 e4 35. Ke1 Kg4 36. Ke2 Kxh4 37. Ke3 Kg4 38.
Kxe4 h4 39. f3+ Kg3 40. Ke3 h3 41. Ke4 h2 42. Kd5 h1=Q 43. Kc6 Qxf3+ 44.
Kd7 Qf6 45. Kc8 g5 46. Kb7 Kf4 47. Ka6 Qd8 48. Kb7 Qd7 49. Ka6 g4 50. Kb7
g3 51. Ka6 g2 52. Kb7 g1=Q 53. Ka6 Qg8 54. Ka7 c6+ 55. Ka6 Qa8+ 56. Kxb6
Qab7+ 57. Kxc5 Qf5+ 58. Kd4 Qb6+ 59. Kc3 Qe3+ 60. Kb2 Qd7 61. c5 Qdd2+ 62.
Kb1 Qee1# { White checkmated } 0-1

[Event "ICC tourney 2580 (30 10)"]
[Site "Internet Chess Club"]
[Date "2021.05.23"]
[Round "6"]
[White "VILLEGAS, HOWARD ANDREI:HowardAV5223"]
[Black "SRIDHAR, VINAY:VinaySridhar"]
[Result "1-0"]
[ICCResult "Black checkmated"]
[WhiteElo "922"]
[BlackElo "1054"]
[Opening "Vienna gambit"]
[ECO "C29"]
[NIC "VG.04"]
[Time "13:00:40"]
[PlyCount "113"]
[TimeControl "1800+10"]

1. e4 e5 2. Nc3 Nf6 3. f4 Nc6 4. fxe5 Nxe5 5. d4 Nc6 6. e5 Qe7 7. Be3 Ng8
8. Nd5 Qd8 9. Nf3 d6 10. Qd2 Be6 11. Nb4 Nxb4 12. Qxb4 b6 13. O-O-O dxe5
14. Qb5+ Qd7 15. Qxd7+ Bxd7 16. Nxe5 Be6 17. d5 Bf5 18. Bb5+ Kd8 19. Nxf7+
Kc8 20. Nxh8 Nf6 21. Rhf1 Bd7 22. Bxd7+ Kxd7 23. Nf7 Re8 24. Bf4 Bc5 25.
Ne5+ Kc8 26. Nc6 Re2 27. Rd2 Rxd2 28. Kxd2 Nxd5 29. Nxa7+ Kb7 30. Nb5 Kc6
31. Nxc7 Nxc7 32. Bxc7 Kxc7 33. Rf7+ Kc6 34. Rxg7 Bd4 35. Rxh7 Bxb2 36.
Rh6+ Kb7 37. g4 Be5 38. Rh7+ Kc6 39. Kd3 Kd5 40. Rh5 Ke6 41. Rxe5+ Kxe5 42.
h4 Kf4 43. g5 Kf5 44. Kc4 Kg4 45. g6 Kxh4 46. g7 Kg5 47. g8=Q+ Kf6 48. Qd5
Ke7 49. Kb5 Kf6 50. Kxb6 Ke7 51. Kc6 Kf8 52. Qd7 Kg8 53. Qe7 Kh8 54. Kd6
Kg8 55. Ke6 Kh8 56. Kf6 Kg8 57. Qg7# { Black checkmated } 1-0

[Event "ICC tourney 2580 (30 10)"]
[Site "Internet Chess Club"]
[Date "2021.05.23"]
[Round "6"]
[White "SPANTZEL, ARNOLD:ThorGodOfBlitz"]
[Black "BANERJEE, ISHAAN:ishban"]
[Result "0-1"]
[ICCResult "White checkmated"]
[WhiteElo "1082"]
[BlackElo "945"]
[Opening "Petrov's defense"]
[ECO "C42"]
[NIC "RG.01"]
[Time "13:00:38"]
[PlyCount "124"]
[TimeControl "1800+10"]

1. e4 e5 2. Nf3 Nf6 3. Bd3 Nc6 4. Nc3 Bc5 5. b3 d6 6. Bb2 Bg4 7. Be2 O-O 8.
h3 Bh5 9. O-O a6 10. a4 Re8 11. Ne1 Bg6 12. Bf3 Nd4 13. Ne2 Nxf3+ 14. Nxf3
Bxe4 15. Ng3 Bg6 16. d4 exd4 17. Bxd4 Bxd4 18. Nxd4 Ne4 19. Nxe4 Bxe4 20.
Re1 Bg6 21. Rxe8+ Qxe8 22. c3 Qe4 23. Nf3 Re8 24. Qe1 Qxe1+ 25. Rxe1 Rxe1+
26. Nxe1 Be4 27. Kf1 Kf8 28. Ke2 Ke7 29. Ke3 Bd5 30. c4 Bc6 31. Nd3 Bxg2
32. h4 Bh3 33. Kf3 Bf5 34. Nc1 Bc2 35. Ke2 Ke6 36. Kd2 Bf5 37. Ne2 Ke5 38.
Ke3 h6 39. f4+ Ke6 40. Nd4+ Kf6 41. Kf3 h5 42. Ke3 g6 43. Kf3 c5 44. Ne2
Bg4+ 45. Ke3 Bxe2 46. Kxe2 Kf5 47. Kf3 f6 48. a5 g5 49. fxg5 fxg5 50. hxg5
Kxg5 51. Kg3 h4+ 52. Kh3 Kh5 53. Kh2 Kg4 54. Kg2 h3+ 55. Kh2 Kh4 56. Kh1
Kg3 57. Kg1 h2+ 58. Kh1 Kh3 59. b4 cxb4 60. c5 b3 61. c6 b2 62. c7 b1=R# {
White checkmated } 0-1

[Event "ICC tourney 2580 (30 10)"]
[Site "Internet Chess Club"]
[Date "2021.05.23"]
[Round "6"]
[White "TONG, IAN:Iantong18"]
[Black "Bi, Lige:Bilige1103"]
[Result "0-1"]
[ICCResult "White resigns"]
[WhiteElo "918"]
[BlackElo "829"]
[Opening "Sicilian: Canal-Sokolsky attack, 3...Bd7"]
[ECO "B52"]
[NIC "SI.01"]
[Time "13:00:37"]
[PlyCount "126"]
[TimeControl "1800+10"]

1. e4 c5 2. Nf3 d6 3. Bb5+ Bd7 4. Bxd7+ Qxd7 5. Nc3 g6 6. O-O Bg7 7. d4
cxd4 8. Nxd4 Nc6 9. Nxc6 Qxc6 10. Qd3 Nf6 11. Bg5 O-O 12. h3 a6 13. Qe3
Rfc8 14. Bxf6 Bxf6 15. Rac1 Bxc3 16. bxc3 Qxc3 17. Qg5 Qf6 18. Qe3 Rc3 19.
Qb6 Rb8 20. Qa7 Rcc8 21. Qb6 Qe5 22. Rfe1 Qc5 23. Qb2 b5 24. e5 dxe5 25.
Rxe5 Qc3 26. Qxc3 Rxc3 27. Rxe7 Ra3 28. Ra1 Rc8 29. Re2 Kg7 30. Kf1 Rc4 31.
Ke1 Rca4 32. Re7 Rxa2 33. Rxa2 Rxa2 34. Kd2 Kf6 35. Ra7 b4 36. Kd3 Ke5 37.
Rxf7 h5 38. Re7+ Kd5 39. Rb7 Ra3+ 40. Kd2 Kc4 41. Rb6 g5 42. Rc6+ Kd4 43.
Rg6 Ra5 44. Rd6+ Kc4 45. Rc6+ Kb5 46. Rh6 h4 47. Rh8 Ka4 48. Rb8 Rd5+ 49.
Kc1 a5 50. Rf8 Ka3 51. Rf3+ Ka2 52. Rb3 Re5 53. Kd1 Re4 54. f3 Rc4 55. Kc1
Rc3 56. Rxc3 bxc3 57. Kd1 Kb2 58. f4 gxf4 59. g4 fxg3 60. Ke2 Kxc2 61. Kf3
Kd2 62. Kg4 g2 63. Kf3 g1=Q { White resigns } 0-1